[Event "*** SCC Grand Prix: Titled Tuesday Blitz"]
[Site "Chess.com"]
[Date "2020.06.02"]
[Round "9"]
[White "vanyakuba"]
[Black "DishonorOnYourCow"]
[Result "1-0"]
[WhiteElo "2465"]
[BlackElo "2300"]
[TimeControl "180+1"]
[EndTime "11:47:14 PDT"]
[Termination "vanyakuba won on time"]

1. e4 e5 2. Nf3 Nc6 3. Bb5 Nf6 4.
d3 Bc5 5. c3 d6 6. Nbd2 O-O 7. O-O Ne7 8. d4 exd4 9. cxd4 Bb6 10. h3 Ng6 11. Re1 c6 12. Bd3 Nf4 13. Bc2 Bxh3 14. gxh3 Qd7 15. Nc4 N6h5 16. Nh2 Bxd4 17.
Qxd4 Qxh3 18. Ne3 Rae8 19. Qd1 Re6 20. Qf3 Rg6+ 21. Kh1 Qh4 22. Bd2 Nh3 23. Re2 Nxf2+ 24. Rxf2 Rf6 25. Nf5 Rxf5 26. exf5 Ng3+ 27. Kg2 Nh5 28.
Rg1 Re8 29. Kh1 Qf6 30. Bc3 1-0

[Event "*** SCC Grand Prix: Titled Tuesday Blitz"]
[Site "Chess.com"]
[Date "2020.06.02"]
[Round "9"]
[White "Bhagya_2312"]
[Black "Redbandit87"]
[Result "1-0"]
[WhiteElo "2171"]
[BlackElo "2323"]
[TimeControl "180+1"]
[EndTime "11:47:14 PDT"]
[Termination "Bhagya_2312 won by resignation"]

1. e4 e5 2. Nf3 Nc6 3. Bc4 Nf6 4. d3 h6 5. O-O g5 6. c3 g4 7.
Nfd2 Bg7 8. f4 exf4 9. Rxf4 d5 10. exd5 Nxd5 11. Qe2+ Be6 12. Rxg4 Be5 13. Re4 Qd6 14. Nf3 Bf6 15. Be3 O-O-O 16. Nbd2 Rhe8 17. Nf1 Bf5 18. Rxe8 Rxe8 19. Qf2 Nb6 20. Bxb6 axb6 21.
d4 Bg6 22. Ng3 h5 23. Re1 Rxe1+ 24. Qxe1 h4 25. Ne4 Qe7 26. Nxf6 Qxf6 27. Qe8+ Nd8 28. Ne5 Qd6 29. Bxf7 Bxf7 30. Nxf7 Qd7 31. Qxd8+ Qxd8 32. Nxd8 Kxd8 33. g4 Ke7 34. h3 Kf6 35. Kf2 Kg5 36. Ke3 c6 37. c4 b5 38. b3 b4 39. Ke4 Kf6 40. d5 c5 41. Kf4 b6 42. g5+ Kg6 43. d6 1-0

[Event "*** SCC Grand Prix: Titled Tuesday Blitz"]
[Site "Chess.com"]
[Date "2020.06.02"]
[Round "9"]
[White "Colombiano07"]
[Black "stoleriu"]
[Result "0-1"]
[WhiteElo "2354"]
[BlackElo "2550"]
[TimeControl "180+1"]
[EndTime "11:47:15 PDT"]
[Termination "stoleriu won by resignation"]

1. Nf3 Nf6 2. b3 e6 3. Bb2 b6 4. e3 Bb7 5. Be2 Be7 6. O-O O-O 7. c4 c5 8. d4 cxd4 9. exd4 d5 10. Nc3 Nbd7 11.
Re1 Rc8 12. Rc1 a6 13. Ne5 dxc4 14. bxc4 Nxe5 15. dxe5 Nd7 16. Bd3 h6 17. Ne4 Nc5 18. Nxc5 Bxc5 19. Be4 Bxe4 20. Rxe4 Qg5 21. Qg4 Qxg4 22.
Rxg4 Rfd8 23. Bc3 Rd3 24. Kf1 Rcd8 25. Ke2 g6 26. Rg3 R3d7 27. Be1 Bd4 28. Rb3 Kf8 29. a4 Ke8 30. f4 Bc5 31. Rc2 Rd4 32. g3 Re4+ 33.
Kf1 Rd1 34. Re2 Rxc4 35. Kg2 Rxa4 36. Bf2 Bxf2 37. Kxf2 b5 38. Rc2 Rd7 39. Rc8+ Ke7 40. Ra8 Ra2+ 41. Kf3 h5 42. h4 Rb7 43. Rd3 b4 44.
Rdd8 b3 0-1

[Event "*** SCC Grand Prix: Titled Tuesday Blitz"]
[Site "Chess.com"]
[Date "2020.06.02"]
[Round "9"]
[White "Andreikka"]
[Black "Man-Chuk"]
[Result "1-0"]
[WhiteElo "2932"]
[BlackElo "2780"]
[TimeControl "180+1"]
[EndTime "11:47:17 PDT"]
[Termination "Andreikka won on time"]

1. c4 e5 2. Nc3 Nf6 3. Nf3 Nc6 4. e4 Bc5 5. Nxe5 Nxe5 6. d4 Bb4 7. dxe5 Nxe4 8. Qf3 Nxc3 9. bxc3 Ba5 10. Bf4 O-O 11. O-O-O Qe7 12. Kb2 Rb8 13. Qe3 b5 14. c5 Bb7 15. h4 Qe6 16. Qd4 Bc6 17. Rh3 Rfe8 18. Re3 b4 19. c4 Ba4 20. Rdd3 Qg4 21. g3 Rbd8 22. Bg5 Qxd4+ 23. Rxd4 f6 24. exf6 Rxe3 25.
Bxe3 gxf6 26. Bd3 Re8 27. Bf5 Re7 28. h5 Bc6 29. h6 Kf8 30. Kb3 Ke8 31. Rg4 Kf8 32.
Bd3 Re6 33. Bxh7 Bf3 34. Rg8+ Kf7 35. Rg7+ Kf8 36. Bf5 Bd1+ 37. Kb2 Re5 38. Bxd7 Rh5 39. Be6 b3 40. Rf7+ Ke8 41. axb3 Bb4 42. Rxc7 a5 43. h7 Kd8 44. Rd7+ Ke8 45. Rg7 1-0

[Event "*** SCC Grand Prix: Titled Tuesday Blitz"]
[Site "Chess.com"]
[Date "2020.06.02"]
[Round "9"]
[White "KNVB"]
[Black "Azatic"]
[Result "1-0"]
[WhiteElo "2688"]
[BlackElo "2461"]
[TimeControl "180+1"]
[EndTime "11:47:18 PDT"]
[Termination "KNVB won by resignation"]

1. e4 c5 2. b4 d5 3. exd5 cxb4 4. a3 Qxd5 5. Nf3 Bg4 6. axb4 Qe4+ 7. Qe2 Bxf3 8. gxf3 Qxc2 9. Nc3 Nf6 10. Qb5+ Nbd7 11.
Bd3 Qb3 12. Bc4 Qc2 13. Rg1 g6 14. Bd3 Qb3 15. Bc4 Qc2 16. Rg5 Bh6 17. Bd3 Qb3 18. Bc4 Qc2 19. Re5 Rc8 20. Bd3 Qb3 21. Ra3 Rxc3 22.
dxc3 O-O 23. Rxb3 Nxe5 24. Qxe5 Bxc1 25. Ke2 Bh6 26. Ra3 Bg7 27. Qe3 Nd7 28. Qxe7 Ne5 29. Qxb7 Rd8 30. Rxa7 Nxd3 31. Ra8 Nf4+ 32. Kf1 Rxa8 33.
Qxa8+ Bf8 34. b5 Kg7 35. b6 Ne6 36. b7 Bd6 37. b8=Q Bxb8 38. Qxb8 1-0

[Event "*** SCC Grand Prix: Titled Tuesday Blitz"]
[Site "Chess.com"]
[Date "2020.06.02"]
[Round "9"]
[White "mbachez"]
[Black "1stSecond"]
[Result "1-0"]
[WhiteElo "2549"]
[BlackElo "2692"]
[TimeControl "180+1"]
[EndTime "11:47:18 PDT"]
[Termination "mbachez won by resignation"]

1. e4 c5 2. Nf3 Nc6 3. Bb5 g6 4. c3 Bg7 5. d4 cxd4 6. cxd4 Nf6 7. Nc3 d5 8. Ne5 Bd7 9. Nxd7 Qxd7 10. e5 Ne4 11. Nxe4 dxe4 12. d5 O-O-O 13. Bxc6 bxc6 14.
Be3 Qxd5 15. Qg4+ Kb7 16. O-O h5 17. Qe2 Bxe5 18. Rac1 Qb5 19. Qc2 Rd3 20. a4 Qd5 21.
b4 Rc3 22. Qb1 Rxc1 23. Rxc1 Rd8 24. g3 h4 25. Kg2 Qd3 26. Qa2 Rd5 27. b5 c5 28. a5 e6 29. b6 a6 30. Qa4 Qb5 31.
Qxe4 Qc6 32. Qxh4 Rd1+ 33. f3 Rd3 34. Qe7+ Rd7 35. Qh4 Bd4 36. Bxd4 Rxd4 37. Qe7+ Rd7 38.
Qxc5 Rd2+ 39. Kg1 Qxc5+ 40. Rxc5 Rd7 41. h4 Kb8 42. f4 Rd3 43. Kf2 Ra3 44. g4 f5 45. h5 gxh5 46. gxf5 Rh3 47. fxe6 1-0

[Event "*** SCC Grand Prix: Titled Tuesday Blitz"]
[Site "Chess.com"]
[Date "2020.06.02"]
[Round "9"]
[White "DenLaz"]
[Black "Sunnika"]
[Result "1-0"]
[WhiteElo "2635"]
[BlackElo "2418"]
[TimeControl "180+1"]
[EndTime "11:47:18 PDT"]
[Termination "DenLaz won by resignation"]

1. d4 d5 2. c4 c6 3. Nf3 Nf6 4. Qc2 dxc4 5. Qxc4 Bf5 6. g3 e6 7. Bg2 Nbd7 8. O-O Be7 9. Qb3 Qb6 10. Nbd2 O-O 11.
Nc4 Qxb3 12. axb3 a6 13. Na5 Ra7 14. Bd2 Be4 15. Rfc1 Bd8 16. b4 Nd5 17. Ne1 Bxg2 18. Kxg2 f5 19. Nd3 Be7 20. f3 N7f6 21. Nc5 Bxc5 22.
bxc5 Nc7 23. Be3 Rd8 24. Bf2 Nb5 25. Rd1 Rd7 26. Nc4 Rd8 27. Rd3 Raa8 28. Re1 Rac8 29. e4 fxe4 30. fxe4 Rc7 31. h3 Rcd7 32. Nb6 Rf7 33.
g4 h6 34. Nc4 Rff8 35. Ne5 Nd7 36. Ng6 Rf6 37. Bh4 Re8 38. Bxf6 Nxf6 39. Ne5 Kh7 40.
Nf3 Rd8 41. Re2 Re8 42. Kf2 Rf8 43. Ke3 Rd8 44. Ne5 Kg8 45. Rf2 Re8 46. h4 Rd8 47. g5 hxg5 48. hxg5 Nd7 49. Nf7 Rf8 50. Nd6 Rxf2 51.
Kxf2 Nxd6 52. cxd6 Kf7 53. Rf3+ Kg6 54. Rh3 Kxg5 55.
Rh8 Kf6 56. Rd8 Nb6 57. Rb8 Nc4 58. d7 Nd6 59. d8=Q+ 1-0

[Event "*** SCC Grand Prix: Titled Tuesday Blitz"]
[Site "Chess.com"]
[Date "2020.06.02"]
[Round "9"]
[White "LiamPutnam2008"]
[Black "eightbyeightchess"]
[Result "1-0"]
[WhiteElo "2521"]
[BlackElo "2406"]
[TimeControl "180+1"]
[EndTime "11:47:18 PDT"]
[Termination "LiamPutnam2008 won by resignation"]

1. d4 d5 2. Nf3 Nf6 3. c4 c6 4.
Nc3 dxc4 5. a4 Bf5 6. e3 e6 7. Bxc4 Nbd7 8. O-O Bb4 9. Qe2 Bg6 10. e4 Bxc3 11.
bxc3 Nxe4 12. Ba3 Qc7 13. Qe3 O-O-O 14. a5 Kb8 15. Rfb1 Ka8 16. Rb3 Nd6 17. Bf1 Nf6 18. Ne5 Nd5 19. Qc1 f6 20. Nf3 Ne4 21. c4 Nf4 22. a6 b6 23. g3 Bh5 24. Qxf4 Qxf4 25.
gxf4 Bxf3 26. Rxf3 Rxd4 27. Rd3 Rxc4 28. Rad1 Kb8 29.
Rd8+ Rxd8 30. Rxd8+ Kc7 31. Ra8 Ra4 32. Rxa7+ Kb8 33.
Rb7+ Kc8 34. Bf8 Nd2 35. Rxb6 Ra1 36. Rxc6+ Kb8 37. Bd6+ Ka7 38. Bc5+ Kb8 39. a7+ Kb7 40. Rb6+ Kc7 41. Rb8 Rxf1+ 42. Kg2 Ra1 43. a8=Q Rxa8 44.
Rxa8 Kc6 45. Be3 Ne4 46. Ra7 g5 47. Rxh7 gxf4 48. Bxf4 Nc3 49. Rc7+ 1-0

[Event "*** SCC Grand Prix: Titled Tuesday Blitz"]
[Site "Chess.com"]
[Date "2020.06.02"]
[Round "9"]
[White "iaraldinho"]
[Black "TokChess"]
[Result "1-0"]
[WhiteElo "2616"]
[BlackElo "2361"]
[TimeControl "180+1"]
[EndTime "11:47:18 PDT"]
[Termination "iaraldinho won by checkmate"]

1. e4 c5 2. Nf3 e6 3. d4 cxd4 4. Nxd4 a6 5. Nc3 b5 6. a3 Bb7 7.
Bd3 Bc5 8. Be3 Qb6 9. Nce2 Nc6 10. Nxc6 Bxe3 11. fxe3 Bxc6 12. Nd4 Nf6 13. e5 Nd5 14. Qe2 Qc7 15. Nf3 g5 16. O-O g4 17. Ng5 Rf8 18.
e4 Nb6 19. Nxh7 Rh8 20. Nf6+ Kd8 21. Nxg4 Kc8 22. Rxf7 Kb7 23. h3 Na4 24. b3 Nc5 25. a4 b4 26. Qd2 a5 27. Qe3 Nxd3 28.
cxd3 Rag8 29. Qc5 Qb6 30. Qxb6+ Kxb6 31. Kf2 Rg5 32. Ke3 Rhg8 33. Rf4 Rh8 34. d4 Rhg8 35. Rd1 R8g6 36. d5 exd5 37. exd5 Bb7 38. Rf6+ Kc5 39.
Rxg6 Rxg6 40. Ke4 Rg8 41. Rc1+ Kb6 42. Rd1 Kc5 43. Kf5 Rf8+ 44. Nf6 Rh8 45. Nxd7# 1-0

[Event "*** SCC Grand Prix: Titled Tuesday Blitz"]
[Site "Chess.com"]
[Date "2020.06.02"]
[Round "9"]
[White "BJthechessgod"]
[Black "cukin84"]
[Result "1-0"]
[WhiteElo "2075"]
[BlackElo "2180"]
[TimeControl "180+1"]
[EndTime "11:47:18 PDT"]
[Termination "BJthechessgod won by checkmate"]

1. e4 c6 2. Nf3 d5 3. exd5 cxd5 4. d4 Nc6 5. Bd3 Bg4 6. c3 e6 7. O-O Nf6 8. Bg5 Be7 9. Nbd2 O-O 10. Qc2 h6 11.
Bh4 Rc8 12. a3 a6 13. h3 Bxf3 14. Nxf3 b5 15. Rae1 b4 16. axb4 Nxb4 17. Qb1 Nxd3 18. Qxd3 Ne4 19. Bxe7 Qxe7 20. Qxa6 Rb8 21. Re2 Qc7 22. Nd2 Rxb2 23. Nxe4 Rxe2 24. Qxe2 dxe4 25. Rc1 f5 26. c4 Rd8 27. Qe3 Qd6 28. Rd1 Qa6 29. Qb3 Rc8 30. c5 Kh7 31. g3 Qc6 32.
Qc4 Ra8 33. Rb1 Ra4 34. Rb4 Ra1+ 35. Kh2 e3 36. d5 exd5 37. Qc3 Rf1 38. Qxe3 Qa6 39.
Qf3 g6 40. Rd4 Qa1 41. Rxd5 Qa7 42. Kg2 Ra1 43. c6 Qb8 44. Rd7+ Kh8 45. Qc3+ Kg8 46.
Qg7# 1-0

[Event "*** SCC Grand Prix: Titled Tuesday Blitz"]
[Site "Chess.com"]
[Date "2020.06.02"]
[Round "9"]
[White "Alexander_Zubov"]
[Black "abykhovsky"]
[Result "0-1"]
[WhiteElo "2961"]
[BlackElo "2836"]
[TimeControl "180+1"]
[EndTime "11:47:19 PDT"]
[Termination "abykhovsky won on time"]

1. d4 Nf6 2. Nf3 g6 3. Nbd2 Bg7 4. e4 O-O 5. Bd3 d6 6. O-O Nc6 7. c3 e5 8. Re1 Re8 9. d5 Ne7 10. Nf1 Nd7 11. Ng3 a5 12. Bc2 Rf8 13. c4 Nc5 14.
Rb1 Qe8 15. Nh4 Bf6 16. Nf3 Bg7 17. Be3 b6 18. Nd2 f5 19. exf5 gxf5 20. f4 Qf7 21. Nf3 Ng6 22. Nh5 Bh8 23. Rf1 Bd7 24. Qe1 Rae8 25.
Qg3 c6 26. dxc6 Bxc6 27. fxe5 dxe5 28. Ng5 Qd7 29. Rbd1 Qc8 30. Nxh7 Kxh7 31. Rd6 Re6 32. Rxf5 Rxd6 33. Qg5 Rxf5 34. Bxf5 Qf8 35. g4 Be4 0-1

[Event "*** SCC Grand Prix: Titled Tuesday Blitz"]
[Site "Chess.com"]
[Date "2020.06.02"]
[Round "9"]
[White "Gloomy_Wanderer"]
[Black "PSvidler"]
[Result "1/2-1/2"]
[WhiteElo "2800"]
[BlackElo "2986"]
[TimeControl "180+1"]
[EndTime "11:47:19 PDT"]
[Termination "Game drawn by repetition"]

1. d4 d6 2. e4 Nf6 3. Nc3 g6 4. g3 Bg7 5. Bg2 O-O 6. Nge2 Nc6 7. O-O e5 8. dxe5 Nxe5 9. f4 Ned7 10. h3 Re8 11. g4 Nc5 12. Ng3 Bd7 13. g5 Nh5 14.
Nxh5 gxh5 15. Qxh5 Bc6 16. f5 Nxe4 17. Nxe4 Bxe4 18.
f6 Bf8 19. Bxe4 Rxe4 20. Bd2 Qd7 21. Qf3 d5 22. Rae1 Rae8 23. Kg2 Qb5 24. b3 Qc6 25. Qd3 Qe6 26. Qf3 Bd6 27. Rxe4 dxe4 28. Qf5 e3 29.
Qxe6 Rxe6 30. Bc3 e2 31. Re1 Bf4 32. h4 Re3 33. Bd2 Rg3+ 34. Kf2 Bd6 35. Rxe2 h6 36. Be3 Rh3 37. gxh6 a6 38. Bg5 Kh7 39. Kg2 Rg3+ 40. Kf2 Rh3 41. a4 b5 42. axb5 axb5 43. Ke1 Bb4+ 44.
Kf2 Bd6 45. Kg2 Rg3+ 46. Kf1 Rf3+ 47. Rf2 Rh3 48. Ke2 Kg6 49. Rg2 Kh7 50. Kd2 Bb4+ 51. Ke2 Bd6 52. Kd2 Bb4+ 53. Ke2 Bd6 1/2-1/2

[Event "*** SCC Grand Prix: Titled Tuesday Blitz"]
[Site "Chess.com"]
[Date "2020.06.02"]
[Round "9"]
[White "Dynamikus"]
[Black "Radzio1987"]
[Result "0-1"]
[WhiteElo "2773"]
[BlackElo "2913"]
[TimeControl "180+1"]
[EndTime "11:47:19 PDT"]
[Termination "Radzio1987 won by resignation"]

1. e4 c6 2. d4 d5 3. Nd2 dxe4 4. Nxe4 Nd7 5. Ng5 Ngf6 6. Bd3 e6 7. N1f3 Bd6 8. Qe2 h6 9. Ne4 Nxe4 10. Qxe4 Qc7 11. O-O b6 12. Qg4 Kf8 13. b3 Bb7 14. Bb2 Nf6 15. Qh3 Nd5 16. Qh4 Nf4 17. Rfe1 Rd8 18. Rad1 g5 19. Qg4 Rg8 20. Ne5 c5 21. Bf1 h5 22.
Qg3 f6 23. dxc5 Bxe5 24. Rxd8+ Qxd8 25. Bxe5 fxe5 26. cxb6 axb6 27. Qe3 Qd4 28. Qxe5 Qxe5 29. Rxe5 Ke7 30. Rb5 Rd8 31. Rxb6 Be4 32. f3 Bxc2 33. g3 Nd5 34. Rb7+ Kf6 35. Kf2 Nc3 36. Rc7 Nd1+ 37. Ke2 Bd3+ 38. Kxd1 Bxf1+ 39. Ke1 Ba6 40. a4 Rb8 41.
Rc6 Bd3 42. Rc3 Bf5 43. Kf2 Ke5 44. Ke3 g4 45. f4+ Kd5 46. Kd2 Be4 47. Re3 Kd4 48. Rc3 Bd5 49. Rd3+ Kc5 50. Rc3+ Kb4 51. Kc2 Ka3 0-1

[Event "*** SCC Grand Prix: Titled Tuesday Blitz"]
[Site "Chess.com"]
[Date "2020.06.02"]
[Round "9"]
[White "Konavets"]
[Black "AnthonyWirig"]
[Result "1-0"]
[WhiteElo "2964"]
[BlackElo "2707"]
[TimeControl "180+1"]
[EndTime "11:47:20 PDT"]
[Termination "Konavets won on time"]

1. e4 g6 2. d4 Bg7 3. Nc3 c6 4. Nf3 d6 5. h3 Nd7 6. Be3 Qb6 7. Qd2 Qxb2 8. Rb1 Qa3 9. Bc4 e6 10. O-O d5 11. exd5 exd5 12. Bxd5 Ngf6 13. Bb3 O-O 14. Bh6 Qa5 15. Bxg7 Kxg7 16. Rfe1 Qd8 17. Re3 Nb6 18.
Rbe1 Nbd5 19. Re5 h6 20. Ne2 Bf5 21. c4 Nc7 22. Rxf5 gxf5 23. Ng3 Rh8 24. Nxf5+ Kg8 25.
Ne5 Rh7 26. Nxh6+ Kf8 27. Bc2 Rg7 28. Nf5 Ne6 29. Nxg7 Kxg7 30. Rd1 Qd6 31. Qe3 Rd8 32. Qg3+ Kf8 33. c5 Qe7 34. Qh4 Ng8 35. Qe4 Nf6 36. Qe3 Kg7 37. Rd3 Nd5 38. Qg3+ Kf8 39. Rf3 Ng5 40.
Ng6+ 1-0

[Event "*** SCC Grand Prix: Titled Tuesday Blitz"]
[Site "Chess.com"]
[Date "2020.06.02"]
[Round "9"]
[White "kudesnik84"]
[Black "JozefKneht"]
[Result "0-1"]
[WhiteElo "2342"]
[BlackElo "2499"]
[TimeControl "180+1"]
[EndTime "11:47:20 PDT"]
[Termination "JozefKneht won by checkmate"]

1. e4 e5 2. Nf3 Nc6 3. Bc4 Nf6 4. Ng5 d5 5. exd5 Na5 6. Bb5+ c6 7. dxc6 bxc6 8.
Bd3 Nd5 9. Nf3 Bd6 10. O-O O-O 11. Re1 Qc7 12. Nc3 Bg4 13. h3 Bh5 14. Ne4 Nf4 15.
Bf1 f5 16. Ng3 Bg6 17. b4 Nb7 18. Bb2 Rae8 19. Nh4 Bxb4 20. Nxg6 hxg6 21. Bc3 Bd6 22. Rb1 Kh7 23. Bc4 Nc5 24. d3 Nd7 25. Qf3 Nf6 26.
Ne2 e4 27. dxe4 fxe4 28. Qe3 N6d5 29. Qd2 Nxe2+ 30. Rxe2 Bf4 31. Qe1 e3 32. fxe3 Bg3 33.
Qd2 Nf6 34. e4 Nxe4 35. Rxe4 Rxe4 36. Qg5 Rxc4 37. Rb3 Rxc3 38. Rxc3 Bh2+ 39. Kh1 Rf1# 0-1

[Event "*** SCC Grand Prix: Titled Tuesday Blitz"]
[Site "Chess.com"]
[Date "2020.06.02"]
[Round "9"]
[White "Morshynska"]
[Black "Witik"]
[Result "1-0"]
[WhiteElo "2202"]
[BlackElo "2525"]
[TimeControl "180+1"]
[EndTime "11:47:20 PDT"]
[Termination "Morshynska won on time"]

1. e4 c6 2. d4 d5 3. Nd2 dxe4 4. Nxe4 Nf6 5. Nxf6+ exf6 6. c3 Bd6 7. Bd3 O-O 8. Qc2 Re8+ 9. Ne2 h5 10. Be3 Nd7 11.
O-O-O Nf8 12. Nf4 Bxf4 13. Bxf4 Be6 14. Kb1 b5 15. f3 a5 16. h4 Qd5 17. b3 a4 18. b4 a3 19. Rhg1 Ng6 20. Bc1 Nxh4 21. Rh1 g5 22. g3 Nxf3 23. Rxh5 Bg4 24. Rh6 Ne1 25. Rxe1 Rxe1 26. Qh2 Kf8 27. Rh8+ Ke7 28. Rxa8 Bf5 29. Qc2 Bxd3 30. Qxd3 Qh1 31. Qd2 Kd7 32. Rxa3 Qe4+ 33. Qc2 1-0

[Event "*** SCC Grand Prix: Titled Tuesday Blitz"]
[Site "Chess.com"]
[Date "2020.06.02"]
[Round "9"]
[White "beto-betun"]
[Black "diablanni"]
[Result "0-1"]
[WhiteElo "2166"]
[BlackElo "2340"]
[TimeControl "180+1"]
[EndTime "11:47:20 PDT"]
[Termination "diablanni won on time"]

1. d4 Nf6 2. Nf3 e6 3. g3 b5 4.
Bg2 Bb7 5. O-O c5 6. e3 Be7 7.
b3 Na6 8. Bb2 O-O 9. Nbd2 Rc8 10.
c3 c4 11. Re1 b4 12. bxc4 bxc3 13. Bxc3 Ne4 14. Nxe4 Bxe4 15. Nd2 Bxg2 16. Kxg2 Qc7 17. Rc1 Qc6+ 18. Qf3 Qa4 19. Qb7 Rc7 20. Qb3 Qc6+ 21.
f3 Rb8 22. Qc2 Nb4 23. Bxb4 Bxb4 24. Rb1 Rcb7 25. Red1 Qa6 26. Rb3 g6 27. Ne4 d5 28.
Nd2 Bxd2 29. Rxd2 dxc4 30. Rc3 Rc8 31. Rd1 Rb4 32. Rc1 Ra4 33. Qd2 Rxa2 34. R1c2 Rxc2 35. Qxc2 Qb5 36. Kf2 a5 37. Ke2 Qb4 38. e4 a4 39.
Kd2 a3 40. Qa2 Ra8 41. Kc2 Qa4+ 42. Kd2 Rd8 43. Rxc4 Rxd4+ 44. Rxd4 Qxd4+ 45. Ke2 Qb2+ 0-1

[Event "*** SCC Grand Prix: Titled Tuesday Blitz"]
[Site "Chess.com"]
[Date "2020.06.02"]
[Round "9"]
[White "Storchnoi"]
[Black "Kapibara_Warri0r"]
[Result "0-1"]
[WhiteElo "2026"]
[BlackElo "2123"]
[TimeControl "180+1"]
[EndTime "11:47:20 PDT"]
[Termination "Kapibara_Warri0r won by resignation"]

1. d4 Nf6 2. c4 g6 3. Nc3 Bg7 4. e4 d6 5. Nf3 O-O 6. Be2 e5 7. O-O Nc6 8. d5 Ne7 9. Nd2 Nd7 10. b4 a5 11. Ba3 f5 12. Qc2 f4 13. Bg4 Nf6 14. Bxc8 Qxc8 15. f3 g5 16. c5 g4 17.
Nb5 axb4 18. Bxb4 dxc5 19. Bxc5 Qd7 20. Bxe7 Qxe7 21. Qxc7 Qb4 22. Qc4 Qxd2 23. d6+ Kh8 24. Qc3 Qxc3 25. Nxc3 gxf3 26. gxf3 Rfd8 27. Rfd1 Bf8 28.
Nb5 Ra6 29. Rac1 Bxd6 30. Nxd6 Raxd6 31. Rxd6 Rxd6 32. Rc7 Rd7 33. Rc8+ Kg7 34. Kf2 Rd2+ 35. Ke1 Rxa2 36. Rc7+ Kg6 37. Rxb7 Rxh2 38. Re7 Rh3 39. Kf2 Rh2+ 40. Kg1 Rh5 41. Kf2 Rg5 42. Re6 h5 43. Ra6 h4 44. Ra1 h3 45. Rh1 Rg2+ 46.
Kf1 Rg3 47. Kf2 Nd7 48. Rd1 h2 49.
Rh1 Rh3 50. Kg2 Rh6 51. Kf2 Nc5 52. Kg2 Nd3 53. Kf1 Kf6 54. Ke2 Nc5 55. Kd2 Ke6 56. Kc3 Kd6 57. Kc4 Kc6 58. Kc3 Ne6 59. Kd3 Nd4 60. Rc1+ Kb5 61. Rh1 Nxf3 0-1

[Event "*** SCC Grand Prix: Titled Tuesday Blitz"]
[Site "Chess.com"]
[Date "2020.06.02"]
[Round "9"]
[White "GMTalks_Youtube"]
[Black "Gmedmundo"]
[Result "0-1"]
[WhiteElo "2650"]
[BlackElo "2523"]
[TimeControl "180+1"]
[EndTime "11:47:21 PDT"]
[Termination "Gmedmundo won on time"]

1. d4 Nf6 2. c4 e6 3. Nc3 Bb4 4.
e3 O-O 5. Bd2 c5 6. a3 Bxc3 7.
Bxc3 Ne4 8. Rc1 d6 9. Nf3 Nxc3 10. Rxc3 Nd7 11. Be2 Nf6 12. Qc2 b6 13. O-O Bb7 14. Rd1 Qc7 15. b4 cxd4 16. Rxd4 Rac8 17. Qb2 Rfd8 18. Rc1 d5 19. c5 bxc5 20. Rxc5 Qb6 21. Rb5 Qc7 22. Rc5 Qb8 23. Rxc8 Rxc8 24. Rd1 Qc7 25. Nd4 Ne4 26. Bd3 Nd6 27. Qe2 g6 28. h4 Qc3 29. Qg4 Qxa3 30. h5 Rc1 31. Rxc1 Qxc1+ 32. Kh2 Qc7 33. g3 Qe7 34. Nf3 Ne4 35.
Qf4 Qf6 36. Qb8+ Kg7 37. Be2 Bc6 38. Qc7 Bb5 0-1

[Event "*** SCC Grand Prix: Titled Tuesday Blitz"]
[Site "Chess.com"]
[Date "2020.06.02"]
[Round "9"]
[White "AlanZhang"]
[Black "Larina_Marija"]
[Result "0-1"]
[WhiteElo "2195"]
[BlackElo "2129"]
[TimeControl "180+1"]
[EndTime "11:47:21 PDT"]
[Termination "Larina_Marija won by checkmate"]

1. e4 d5 2. exd5 Qxd5 3. Nc3 Qa5 4. d4 Nf6 5. Bc4 Bf5 6. Nf3 e6 7. O-O c6 8. Be3 Nbd7 9. a3 Qc7 10. h3 h6 11. b4 Bd6 12. Re1 O-O 13. Qe2 Nb6 14. Bd3 Bxd3 15. Qxd3 Nbd5 16. Ne4 Nxe4 17. Qxe4 a5 18.
c4 Nxe3 19. Rxe3 axb4 20. c5 Bf4 21. Rb3 Rxa3 22. Rbxa3 bxa3 23. Rxa3 Qb8 24. g3 Bc7 25. Qb1 Rd8 26. Rb3 Bxg3 27. fxg3 Qxg3+ 28. Kf1 Qxh3+ 29. Ke2 Qg2+ 30. Ke3 g5 31. Qg1 Qc2 32. Rxb7 f5 33. Qf2 f4# 0-1

[Event "*** SCC Grand Prix: Titled Tuesday Blitz"]
[Site "Chess.com"]
[Date "2020.06.02"]
[Round "9"]
[White "Ranindu2003"]
[Black "WIDBIFS"]
[Result "0-1"]
[WhiteElo "2478"]
[BlackElo "2707"]
[TimeControl "180+1"]
[EndTime "11:47:23 PDT"]
[Termination "WIDBIFS won by resignation"]

1. e4 g6 2. d4 Bg7 3. Nc3 c6 4.
Nf3 d5 5. h3 dxe4 6. Nxe4 Nf6 7. Nxf6+ Bxf6 8. Be3 O-O 9. c3 Bf5 10. Bd3 Bxd3 11. Qxd3 Nd7 12. O-O-O Qa5 13. Kb1 e6 14. h4 h5 15. Bg5 Qf5 16. Qxf5 gxf5 17. Bh6 Rfe8 18.
Ne1 Kh7 19. Bg5 Rg8 20. f3 Bxg5 21. hxg5 Rxg5 22. f4 Rg4 23. Rxh5+ Kg6 24. Rh3 Rxf4 25. Nd3 Rg4 26. Rdh1 Kf6 27. Rh6+ Ke7 28. R1h2 Rag8 29.
Rh7 Rxg2 30. R2h6 R2g7 31. Nf4 Rxh7 32. Rxh7 Rg4 33. Nd3 b6 34. Kc2 Kf6 35. Kd2 c5 36. dxc5 Nxc5 37. Nxc5 bxc5 38. Rh8 Rg2+ 39. Kc1 f4 40.
Rc8 f3 41. Kd1 Rxb2 42. Rxc5 f2 0-1

[Event "*** SCC Grand Prix: Titled Tuesday Blitz"]
[Site "Chess.com"]
[Date "2020.06.02"]
[Round "9"]
[White "Parhamov"]
[Black "SergeyKarjakin"]
[Result "1/2-1/2"]
[WhiteElo "3085"]
[BlackElo "2975"]
[TimeControl "180+1"]
[EndTime "11:47:24 PDT"]
[Termination "Game drawn by agreement"]

1. e4 e5 2. Nf3 Nc6 3. Bb5 Nf6 4. O-O Nxe4 5. d4 Nd6 6. Bxc6 dxc6 7. dxe5 Nf5 8.
Qxd8+ Kxd8 9. h3 Ke8 10. Re1 h5 11. Nc3 Be7 12. Bg5 Be6 13. Rad1 Rd8 14. Rxd8+ Kxd8 15. a3 b6 16. Ne2 Bd5 17. Bxe7+ Kxe7 18. Ng5 Rh6 19. Nf4 Nd4 20. c3 Ne6 21. Ngxe6 Bxe6 22. h4 Rh8 23. Rd1 g6 24. f3 a5 25. Kf2 a4 26.
Ke3 c5 27. g3 Ra8 28. Rd2 Rh8 29. Ke4 Bf5+ 30. Ke3 Be6 31. Nxe6 Kxe6 32. Ke4 Re8 33. g4 Rh8 34. g5 Ra8 35. f4 c4 36. Rf2 Ra5 37. f5+ gxf5+ 38. Rxf5 Rb5 39. Rf6+ Ke7 40. Rc6 Rxb2 41. Rxc7+ Ke6 42. Rc6+ Ke7 43. Rxc4 b5 44. Rc6 Ra2 45. Rh6 Rxa3 46. Kd4 Ra1 47. Kc5 a3 48. Kb4 a2 49. Kb3 Rh1 50. Kxa2 Rxh4 51. Kb3 Re4 52. Rxh5 Rxe5 53. Kb4 Rf5 54. Ka5 Kf8 55. Rh8+ Kg7 56.
Rb8 Rxg5 57. Rxb5 Rg4 58. Rb4 f5 59. c4 f4 60. c5 Rg5 61. Rxf4 Rxc5+ 62. Kb4 Rg5 1/2-1/2

[Event "*** SCC Grand Prix: Titled Tuesday Blitz"]
[Site "Chess.com"]
[Date "2020.06.02"]
[Round "9"]
[White "MFguimaraes"]
[Black "Titus369"]
[Result "0-1"]
[WhiteElo "2424"]
[BlackElo "2566"]
[TimeControl "180+1"]
[EndTime "11:47:25 PDT"]
[Termination "Titus369 won by resignation"]

1. e4 c5 2. Nf3 d6 3. Bb5+ Nd7 4.
c3 Nf6 5. d3 a6 6. Ba4 b5 7.
Bc2 Bb7 8. O-O e6 9. a4 Be7 10. Na3 b4 11. Nc4 d5 12. exd5 exd5 13. Nce5 O-O 14.
d4 cxd4 15. cxd4 Nb6 16. b3 Nc8 17. Bg5 Nd6 18. Qd3 g6 19. Rfe1 Rc8 20. Rac1 Nfe4 21. Bxe7 Qxe7 22. Nd2 Qg5 23. Nxe4 Nxe4 24. Qe3 Qxe3 25.
fxe3 Nc3 26. a5 Rc7 27. Nd3 Na2 28. Nc5 Nxc1 29. Rxc1 Bc8 30. Re1 Re8 31. Kf2 Rc6 32.
Bd3 Re7 33. h3 Rec7 34. Ra1 Rxc5 35. dxc5 Rxc5 36. Ke2 Rc3 37. Rb1 Kf8 38. Rb2 Ke7 39.
Kd2 Kd6 40. Rc2 Rxc2+ 41. Kxc2 Bf5 42. Bxf5 gxf5 43. Kd3 Ke5 44. g3 h5 45. h4 f6 46. Kd2 Ke4 47. Ke2 d4 48. exd4 Kxd4 49. Kd2 f4 50. gxf4 f5 51. Ke2 Ke4 52. Kd2 Kxf4 53.
Kd3 Kg3 54. Kc4 f4 55. Kxb4 f3 56. Kc5 f2 57. Kb6 f1=Q 58. b4 Qb5+ 59. Ka7 Kf4 0-1

[Event "*** SCC Grand Prix: Titled Tuesday Blitz"]
[Site "Chess.com"]
[Date "2020.06.02"]
[Round "9"]
[White "Justinz"]
[Black "TheNextLevelFan"]
[Result "1-0"]
[WhiteElo "2340"]
[BlackElo "2437"]
[TimeControl "180+1"]
[EndTime "11:47:25 PDT"]
[Termination "Justinz won on time"]

1. e4 e5 2. Nf3 Nc6 3. Nc3 Nf6 4. Bb5 d6 5. d4 exd4 6. Nxd4 Bd7 7. O-O Be7 8. Bf4 O-O 9. Nxc6 bxc6 10. Bc4 Ng4 11. Bg3 Rb8 12. Bb3 Bh4 13. Bxh4 Qxh4 14. h3 Ne5 15. Qe2 Ng6 16. Qe3 Kh8 17. f4 f5 18.
e5 Rbe8 19. Qxa7 dxe5 20. Qxc7 Re7 21. Qd6 Nxf4 22. Rf3 Rfe8 23. a4 Qg5 24. g3 Nxh3+ 25. Kg2 f4 26. Ne4 Qh5 27. Rh1 Bg4 28. Rff1 f3+ 29.
Kh2 Rd7 30. Qb4 Nf4+ 31. Kg1 Nh3+ 32. Kh2 f2 33. Nxf2 Nxf2+ 34. Kg2 Bf3+ 35. Kxf2 Bxh1 36.
Kg1 1-0